 Dungeon Crawl Stone Soup version 0.25-a0-424-g80bd347ae0 (webtiles) character file.

Game seed: 1127531202088644243, levelgen mode: deterministic

53 Hasart the Firebug (level 3, 0/19 HPs)
             Began as a Deep Elf Fire Elementalist on Jan 20, 2020.
             Slain by a jackal (2 damage)
             ... on level 2 of the Dungeon.
             The game lasted 00:04:31 (1709 turns).

Hasart the Firebug (Deep Elf Fire Elementalist)     Turns: 1709, Time: 00:04:32

Health: 0/19       AC:  2    Str:  5    XL:     3   Next: 62%
Magic:  1/9        EV: 12    Int: 20    God:
Gold:   82         SH:  0    Dex: 15    Spells: 7/8 levels left

rFire    + . .     SeeInvis .   e - +0 dagger
rCold    + . .     Gourm    .   (no shield)
rNeg     . . .     Faith    .   a - +0 robe
rPois    .         Spirit   .   (no helmet)
rElec    .         Reflect  .   (no cloak)
rCorr    .         Harm     .   (no gloves)
MR       .....                  (no boots)
Stlth    ++........             (no amulet)
HPRegen  0.06/turn              d - ring of protection from fire
MPRegen  0.11/turn              l - ring of protection from cold

@: very slightly contaminated, heavily drained
A: no striking features
a: no special abilities


You were on level 2 of the Dungeon.
You were hungry.

You visited 1 branch of the dungeon, and saw 3 of its levels.

You collected 82 gold pieces.

Inventory:

Hand Weapons
 e - a +0 dagger (weapon)
Armour
 a - a +0 robe (worn)
Jewellery
 d - a ring of protection from fire (left hand)
 l - a ring of protection from cold (right hand)
Scrolls
 b - a scroll of teleportation {unknown}
 g - a scroll of remove curse {unknown}
 i - 5 scrolls of identify {unknown}
Potions
 f - a potion of curing {unknown}
 h - a potion of lignification {unknown}
 j - a potion of cancellation {unknown}
Comestibles
 c - a ration
 k - a chunk of flesh


   Skills:
 + Level 2.9(1.4) Dodging
 - Level 2.4(0.9) Stealth
 + Level 3.4(1.9) Spellcasting
 * Level 2.4(0.9) Conjurations
 * Level 4.0(2.4) Fire Magic


You had 7 spell levels left.
You knew the following spells:

 Your Spells              Type           Power        Failure   Level  Hunger
a - Foxfire               Conj/Fire      #...         9%          1    #......

Your spell library contained the following spells:

 Spells                   Type           Power        Failure   Level  Hunger
 Conjure Flame            Conj/Fire      #.......     24%         3    ###....
 Inner Flame              Hex/Fire       #.......     28%         3    ###....
 Sticky Flame             Conj/Fire      #.......     63%         4    #####..
 Fireball                 Conj/Fire      #.........   92%         5    ######.


Dungeon Overview and Level Annotations

Branches:
Dungeon (3/15)

Altars:
Ashenzari

Annotations:
D:3 Terence


Message History

The jackal closely misses you.
Unknown command.
You hit the jackal.
The jackal is almost dead.
The jackal bites you.
* * * LOW HITPOINT WARNING * * *
The jackal barely misses you.
Unknown command.
You hit the jackal.
You kill the jackal!
The jackal bites you but does no damage.
The jackal bites you.
* * * LOW HITPOINT WARNING * * *
Unknown command.
You see here a jackal corpse.
The jackal bites you but does no damage.
Casting: Foxfire (safe; 9% risk of failure)
Confirm with . or Enter, or press ? or * to list all spells.
You conjure some foxfire!
The jackal bites you.
You die...

.# #####.### #.# .#
#.......# #.# .#
#.###.#.# #.#
######.###.#.# #.#
.........#.#.# #.#
######.#.#.#.# #.#
##.....#.#.#.# #>#
.......#.#.#.####h#
.............[.v@v#
########..##.######
..# #..##.# #.#
#..##.# #.##
#..##.#
...#####..##.#
...+.......#.#
...######..#.#
..#........#.#


You could see a jackal.

Vanquished Creatures
  An adder (D:2)
  A worm (D:2)
  A dart slug (D:1)
  A leopard gecko (D:1)
  5 giant cockroaches
  7 goblins
  4 hobgoblins
  3 jackals
  2 bats
  5 frilled lizards
  5 rats (D:1)
35 creatures vanquished.

Vanquished Creatures (others)
  97 foxfires
97 creatures vanquished.

Grand Total: 132 creatures vanquished

Notes
Turn   | Place    | Note
-------+----------+-------------------------------------------
     0 | D:1      | Hasart the Deep Elf Fire Elementalist began the quest for
                  | the Orb.
     0 | D:1      | Reached XP level 1. HP: 10/10 MP: 6/6
   144 | D:1      | Reached XP level 2. HP: 15/15 MP: 6/8
  1092 | D:2      | Reached XP level 3. HP: 19/19 MP: 5/9
  1300 | D:2      | Found a shattered altar of Ashenzari.
  1595 | D:2      | Reached skill level 4 in Fire Magic
  1685 | D:3      | Noticed Terence
  1709 | D:2      | Slain by a jackal

Levels and vault maps discovered:
D:1:      onia_arrival_larder, layout_basic, minmay_misc_feat_doors
D:2:      kb_forest_paths, layout_basic, evilmike_ruin_ashenzari,
          marbit_many_paths
D:3:      layout_basic, gammafunk_temple_overflow_arena, first_ration,
          minmay_misc_feat_enclosed, uniq_terence, uniq_grinder

Skill      XL: |  1  2  3 |
---------------+----------+-----
Conjurations   | 2 |  2.4
Fire Magic     | 4 |  4.0
Dodging        | |  2.9
Stealth        | |  2.4
Spellcasting   | |  3.4

Action                   || total
-------------------------++-------
Melee: Unarmed           ||     1
       Dagger            ||    10
 Cast: Foxfire           ||    72
 Stab: Sleeping          ||     1
  Eat: Chunk             ||     2
Armor: Robe              ||     9
Dodge: Dodged            ||    38

Table legend:
 A = Non-vault XP
 B = Vault XP
 C = Vault XP percentage of total XP
 D = Non-vault monster count
 E = Vault monster count
 F = Vault count percentage of total count
                 A         B        C        D         E       F
            +---------+---------+-------+---------+---------+-------
      Total |      66 |      10 |  13.2 |      28 |       7 |  20.0
            +---------+---------+-------+---------+---------+-------
        D:1 |      25 |      10 |  28.6 |      13 |       7 |  35.0
        D:2 |      37 |       0 |   0.0 |      13 |       0 |   0.0
        D:3 |       4 |       0 |   0.0 |       2 |       0 |   0.0
            +---------+---------+-------+---------+---------+-------
